 Dungeon Crawl Stone Soup version 0.21-a0-591-g2314aa1 (webtiles) character file.

30 tidbits the Vexing (level 3, -1/16 HPs)
             Began as a Felid Enchanter on Dec 22, 2017.
             Slain by a crocodile (17 damage)
             ... in a sewer.
             The game lasted 00:09:54 (660 turns).

tidbits the Vexing (Felid Enchanter)                 Turns: 660, Time: 00:09:55

Health: -1/16      AC:  1    Str:  5    XL:     3   Next: 5%
Magic:  14/16      EV: 18    Int: 16    God:
Gold:   63         SH:  0    Dex: 16    Spells: 3/6 levels left
                                        Lives:  0   Deaths: 1

rFire    . . .     SeeInvis +     - Unarmed
rCold    . . .     Gourm    .   (shield unavailable)
rNeg     . . .     Faith    .   (armour unavailable)
rPois    .         Spirit   .   (helmet unavailable)
rElec    .         Reflect  .   (cloak unavailable)
rCorr    .         Harm     .   (gloves unavailable)
MR       .....                  (boots unavailable)
Stlth    +++.......             (no amulet)
HPRegen  0.05/turn              Y - +2 ring of slaying
MPRegen  0.15/turn              h - ring of magical power

@: quick
A: very small, no armour, no weapons or thrown items, stealth, claws 1, fangs 3,
see invisible, carnivore, speed 1, shaggy fur 1, slow metabolism 1, sharp paws
a: no special abilities


You were in a sewer.
You were not hungry.

You visited 1 branch of the dungeon, and saw 4 of its levels.
You also visited: Sewer.

You collected 63 gold pieces.

Inventory:

Jewellery
 h - a ring of magical power (right paw)
   (You found it on level 2 of the Dungeon)
 Y - a +2 ring of slaying (left paw)
   (You found it on level 1 of the Dungeon)
Scrolls
 d - a scroll of random uselessness {unknown}
 i - a scroll of immolation {unknown}
 k - a scroll of teleportation {unknown}
Potions
 a - 2 potions of flight {unknown}
 e - a potion of heal wounds {unknown}
 f - 2 potions of degeneration {unknown}
 g - a potion of invisibility {unknown}
Books
 c - a book of Maledictions

   Spells                             Type                      Level
   a - Corona                         Hexes                        1
   b - Ensorcelled Hibernation        Hexes/Ice                    2
   c - Confuse                        Hexes                        3
   d - Tukima's Dance                 Hexes                        3
   e - Dazzling Spray                 Conjuration/Hexes            3
Comestibles
 b - 6 rations


   Skills:
 + Level 1.9 Fighting
 - Level 2.6 Dodging
 - Level 4.0 Stealth
 * Level 3.2 Unarmed Combat
 - Level 2.0 Spellcasting
 - Level 4.4 Hexes


You had 3 spell levels left.
You knew the following spells:

 Your Spells              Type           Power        Failure   Level  Hunger
a - Corona                Hex            ###....      3%          1    #......
e - Ensorcelled Hibernat  Hex/Ice        #.....       13%         2    ###....


Dungeon Overview and Level Annotations

Branches:
Dungeon (4/15)
 Temple: D:4-7

Altars:


Innate Abilities, Weirdness & Mutations

You cannot wear armour.
You are incapable of wielding weapons or throwing items.
Your paws allow you to move quietly. (Stealth)
You have sharp claws.
You have razor-sharp teeth.
You have supernaturally acute eyesight. (SInv)
You are carnivorous and can eat meat at any time.
You cover ground quickly.
You are covered in fur. (AC +1)
You have a slow metabolism.
Your sharp claws are effective at attacking unaware monsters.


Message History

The jackal bites you but does no damage.
You pounce on the unaware helpless kobold!
You claw the kobold!
You kill the kobold!
The jackal misses you.
Casting: Ensorcelled Hibernation
Confirm with . or Enter, or press ? or * to list all spells.
You don't know that spell.
Unknown command.
Casting: Ensorcelled Hibernation
Confirm with . or Enter, or press ? or * to list all spells.
Aiming: Corona
Press: ? - help, Shift-Dir - straight line, f - jackal
Aim: a jackal (chance to defeat MR: 69%)
The jackal is outlined in light.
The kobold shouts!
The kobold misses you. The jackal misses you.
You scratch the jackal but do no damage.
The kobold closely misses you.
You scratch the jackal but do no damage.
The jackal completely misses you.
You scratch the jackal.
The jackal is almost dead.
The jackal closely misses you. The kobold closely misses you.
You scratch the jackal.
You kill the jackal!
You have reached level 4!
Extra life!
The kobold hits you with a short sword.
* * * LOW HITPOINT WARNING * * *
You aren't carrying any potions.
Unknown command.
As you read the scroll labeled NER VACWOUTE YSU, it crumbles to dust.
You feel blessed for a moment.
It was a scroll of remove curse.
The kobold hits you with a short sword.
You die...
You are now level 3!
You rejoin the land of the living...
Found three items.
Unknown command.
a - 2 metallic inky potions
d - a scroll labeled HIFACUF WUESOO
e - a dark potion You see here a viscous silvery potion.
f - 2 fizzy purple potions
g - a viscous silvery potion
Casting: Corona
Confirm with . or Enter, or press ? or * to list all spells.
Aiming: Ensorcelled Hibernation
Press: ? - help, Shift-Dir - straight line, f - kobold
Aim: a kobold (chance to defeat MR: 57%)
The kobold resists with significant effort.
The kobold closely misses you.
You scratch the kobold.
You kill the kobold!
You see here a kobold corpse.
Things that are here:
an uncursed blowgun; 16 poisoned needles; a kobold corpse You enter the shallow water.
Moving in this stuff is going to be slow.
You enter the shallow water.
Moving in this stuff is going to be slow.
Casting: Ensorcelled Hibernation
Confirm with . or Enter, or press ? or * to list all spells.
Aiming: Ensorcelled Hibernation
Press: ? - help, Shift-Dir - straight line, f - kobold
Aim: a kobold, wielding a +0 short sword (chance to defeat MR: 57%)
The kobold resists with significant effort.
The kobold closely misses you.
Casting: Ensorcelled Hibernation
Confirm with . or Enter, or press ? or * to list all spells.
Aiming: Ensorcelled Hibernation
Press: ? - help, Shift-Dir - straight line, f/p - kobold
Aim: a kobold, wielding a +0 short sword (chance to defeat MR: 57%)
The kobold looks drowsy...
You pounce on the unaware helpless kobold!
You claw the kobold!
You kill the kobold!
You see here a +0 short sword.
You enter the shallow water.
Moving in this stuff is going to be slow.
You enter the shallow water.
Moving in this stuff is going to be slow.
You enter the shallow water.
Moving in this stuff is going to be slow.
A crocodile comes into view.
Found 21 gold pieces and a whip.
Found a scroll of remove curse.
Unknown command.
Found 17 bolts.
You enter the shallow water.
Moving in this stuff is going to be slow.
Found 8 stones.
Found a ration.
The helpless crocodile fails to defend itself.
You claw the crocodile!
The crocodile is moderately wounded.
The crocodile bites you!
Ouch! That really hurt!
You die...

###### ###
##....≈.## #)(
###....≈.≈.≈.##
#$≈##....≈# #≈≈≈..
###≈..≈.# #≈≈.
#t@.≈≈≈## ##≈.
###.≈.≈.### ###≈..
#?.##....≈####≈.≈..
#(% ###.....≈.≈.)##
### ###.≈....###
########


You could see a crocodile.

Vanquished Creatures
  4 adders
  A river rat (D:3)
  2 worms (D:3)
  A leopard gecko (D:3)
  2 giant cockroaches (D:3)
  A goblin (D:1)
  2 jackals (Sewer)
  A quokka (D:3)
  2 bats (D:2)
  4 kobolds
  2 rats (D:3)
22 creatures vanquished.

Notes
Turn   | Place    | Note
-------+----------+-------------------------------------------
     0 | D:1      | tidbits the Felid Enchanter began the quest for the Orb.
     0 | D:1      | Reached XP level 1. HP: 7/7 MP: 4/4
   117 | D:2      | Reached XP level 2. HP: 11/12 MP: 6/6
   122 | D:2      | Learned a level 2 spell: Ensorcelled Hibernation
   185 | D:2      | Reached skill level 1 in Fighting
   185 | D:2      | Reached skill level 2 in Unarmed Combat
   216 | D:2      | Reached XP level 3. HP: 10/15 MP: 7/7
   504 | D:3      | Found a glowing drain.
   546 | D:3      | Reached skill level 3 in Unarmed Combat
   574 | Sewer    | Entered a sewer
   604 | Sewer    | Reached XP level 4. HP: 4/19 MP: 0/8
   604 | Sewer    | HP: 1/19 [kobold/short sword (3)]
   606 | Sewer    | Slain by a kobold
   607 | Sewer    | Reached XP level 3. HP: -2/16 MP: 0/16
   653 | Sewer    | Noticed a crocodile
   660 | Sewer    | Slain by a crocodile

Vault maps used:
D:1:      tarquinn_simple_flora_water_e, minivault_11
D:2:      first_ration
D:3:      portal_sewer_entry_a
D:4:      lemuel_castle_with_subvaults, minmay_misc_feat_ornament,
          uniq_crazy_yiuf_cottage
Sewer:    sewer_the_crocodile

Skill      XL: |  1  2  3 |
---------------+----------+-----
Fighting       | 1 |  1.9
Unarmed Combat | 2 3 |  3.2
Dodging        | |  2.6
Stealth        | |  4.0
Spellcasting   | |  2.0
Hexes          | |  4.4

Action                   |  1- 3 |  4- 6 || total
-------------------------+-------+-------++-------
Melee: Unarmed           |    62 |       ||    62
       Bite              |     1 |       ||     1
 Cast: Corona            |     6 |       ||     6
       Ensorcelled Hiber |    22 |       ||    22
  Use: Potion            |     6 |       ||     6
       Scroll            |       |     1 ||     1
 Stab: Sleeping          |    10 |       ||    10
Armor: Skin              |    20 |       ||    20
Dodge: Dodged            |    63 |       ||    63

Table legend:
 A = Spawn XP
 B = Non-spawn XP
 C = Spawn XP percentage of total XP
 D = Spawn monster count
 E = Non-spawn monster count
 F = Spawn count percentage of total count
 G = Total turns spent on level
                    A         B        C        D         E        F      G
               +---------+---------+-------+---------+---------+-------+---------
         Total |       0 |     100 |   0.0 |       0 |      22 |   0.0 |   660
               +---------+---------+-------+---------+---------+-------+---------
           D:1 |       0 |       2 |   0.0 |       0 |       1 |   0.0 |   106
           D:2 |       0 |      43 |   0.0 |       0 |       6 |   0.0 |   153
           D:3 |       0 |      47 |   0.0 |       0 |      10 |   0.0 |   311
         Sewer |       0 |       8 |   0.0 |       0 |       5 |   0.0 |    86
               +---------+---------+-------+---------+---------+-------+---------

Table legend:
 A = Turns spent in this place as a percentage of turns spent in the entire game.
 B = Non-inter-level travel turns spent in this place as a percentage of non-inter-level travel turns spent in the entire game.
 C = Inter-level travel turns spent in this place as a percentage of turns spent in this place.
 D = Turns resting spent in this place as a percentage of non-inter-level travel turns spent in this place.
 E = Turns spent auto-exploring this place as a percentage of non-inter-level travel turns spent in this place.
 F = Non-inter-level travel turns spent in this place divided by the number of levels of this place that you've seen.
                   A       B       C       D       E      F
               +-------+-------+-------+-------+-------+----------------------
         Total | 100.0 | 100.0 |   0.0 |   0.0 |   0.0 | 132.0
       Dungeon |  87.0 |  87.0 |   0.0 |   0.0 |   0.0 | 143.5
         Sewer |  13.0 |  13.0 |   0.0 |   0.0 |   0.0 |  86.0
               +-------+-------+-------+-------+-------+----------------------

Table legend:
 A = Kills in this place as a percentage of kills in entire the game.
 B = Kills by you in this place as a percentage of kills by you in the entire game.
 C = Kills by friends in this place as a percentage of kills by friends in the entire game.
 D = Other kills in this place as a percentage of other kills in the entire game.
 E = Experience gained in this place as a percentage of experience gained in the entire game.
 F = Experience gained in this place divided by the number of levels of this place that you have seen.
                   A       B       C       D       E      F
               +-------+-------+-------+-------+-------+----------------------
         Total | 100.0 | 100.0 |   N/A |   N/A | 100.0 |  20.0
       Dungeon |  77.3 |  77.3 |   N/A |   N/A |  92.0 |  23.0
         Sewer |  22.7 |  22.7 |   N/A |   N/A |   8.0 |   8.0
               +-------+-------+-------+-------+-------+----------------------

Vault maps used:
D:1:      tarquinn_simple_flora_water_e, minivault_11
D:2:      first_ration
D:3:      portal_sewer_entry_a
D:4:      lemuel_castle_with_subvaults, minmay_misc_feat_ornament,
          uniq_crazy_yiuf_cottage
Sewer:    sewer_the_crocodile
